 Dungeon Crawl Stone Soup version 0.31.0-11-ge490571c62 (webtiles) character file.

Game seed: 8764221895105343454

724 Gadfly the Insei (level 7, -8/52 HPs)
             Began as a Demonspawn Monk on Jan 27, 2024.
             Was a Believer of Wu Jian.
             Mangled by an ogre
             ... wielding a +0 giant club
              (22 damage)
             ... on level 4 of the Dungeon.
             The game lasted 00:05:48 (3207 turns).

Gadfly the Insei (Demonspawn Monk)                  Turns: 3207, Time: 00:05:48

Health: -8/52      AC:  7    Str: 14    XL:     7   Next: 43%
Magic:  7/7        EV: 13    Int: 10    God:    Wu Jian [**....]
Gold:   250        SH:  6    Dex: 15    Spells: 6/6 levels left

rFire   . . .        b - +1 short sword (drain)
rCold   . . .        c - orb {light}
rNeg    . . .        a - +0 robe
rPois   .            (no helmet)
rElec   .            (no cloak)
rCorr   .            h - +0 pair of gloves
SInv    .            (no boots)
Will    .....        (no amulet)
Stlth   +            e - +4 ring of protection
HPRegen 0.28/turn    (no ring)
MPRegen 0.10/turn

%: no passive effects
@: glowing
A: large bone plates 2, ignite blood 1, powered by pain 1
a: Renounce Religion, Wall Jump


You were on level 4 of the Dungeon.
You worshipped Wu Jian.
Wu Jian was pleased with you.
You visited 1 branch of the dungeon, and saw 6 of its levels.

You collected 250 gold pieces.

Inventory:

Hand Weapons
 b - a +1 short sword of draining (weapon)
Armour
 a - a +0 robe (worn)
 c - an orb of light (worn)
 h - a +0 pair of gloves (worn)
Jewellery
 e - a +4 ring of protection (left hand)
Talismans
 f - a beast talisman
 j - a maw talisman
Wands
 o - a wand of roots (11) (quivered)
Scrolls
 p - 2 scrolls of teleportation
Potions
 d - 2 potions of curing
 g - a potion of invisibility {unknown}
 i - a potion of brilliance {unknown}
 k - a potion of ambrosia
 l - a potion of haste
 m - a potion of lignification {unknown}
 n - a potion of enlightenment {unknown}
 q - 2 potions of berserk rage {unknown}
 r - a potion of cancellation {unknown}


   Skills:
 + Level 3.6 Fighting
 + Level 3.9 Dodging
 * Level 4.3 Unarmed Combat
 + Level 3.9 Evocations
 * Level 3.6 Shapeshifting


You had 6 spell levels left.
You didn't know any spells.
Your spell library contained the following spells:

 Spells                   Type           Power      Damage    Failure   Level
 Tukima's Dance           Hex            0%         N/A       75%         3
 Dimensional Bullseye     Hex/Tloc       0%         N/A       98%         4
 Iskenderun's Mystic Bla  Conj/Tloc      0%         2d3       98%         4


Dungeon Overview and Level Annotations

Branches:
Dungeon (6/15)             Temple (0/1) D:6

Altars:
Kikubaaqudgha
Uskayaw
Wu Jian

Shops:
D:3 (


Innate Abilities, Weirdness & Mutations

You are mostly covered in large bone plates. (SH +6)
Your demonic aura sometimes causes spilled blood to erupt in flames.
You sometimes gain a little power by taking damage.


Message History

You hit the phantom.
The phantom is severely damaged.
The phantom hits you but does no damage.
You hit the phantom.
The phantom is severely damaged.
The phantom hits you but does no damage.
You hit the phantom.
The phantom is almost destroyed.
The phantom hits you but does no damage.
You hit the phantom.
The phantom is almost destroyed.
The phantom misses you.
You barely miss the phantom.
The phantom is almost destroyed.
The phantom closely misses you.
You hit the phantom.
You destroy the phantom!
The Council accepts your kill.
The orc throws a stone.
The stone hits you but does no damage.
You hit the ogre. You drain the ogre.
The ogre is moderately wounded.
The ogre misses you.
You barely miss the ogre.
The ogre is moderately wounded.
You hit the ogre but do no damage.
The ogre is moderately wounded.
The ogre hits you with a +0 giant club!!
* * * LOW HITPOINT WARNING * * *
You hit the ogre.
The ogre is heavily wounded.
The ogre misses you.
You hit the ogre.
The ogre is severely wounded.
You hit the ogre.
The ogre is severely wounded.
The ogre barely misses you.
You hit the ogre.
The ogre is severely wounded.
The ogre hits you with a +0 giant club!!
You die...

##.8.8.8.......
#........####. ###
#........# ...
#.###.####### ###
#### #
#.#.###.###.###.##
#..#.#.#.#.#.#.#.#
#o.#.#.#.#.#.#.#.#
#O###.###.###.###.
#@# ### ### ### ##
#.# #.# #.# ..#
###


You could see an ogre (drained) and an orc.

Vanquished Creatures
  Prince Ribbit (D:6)
  A wyvern (D:4)
  A phantom (D:4)
  2 bombardier beetles (D:4)
  3 hounds
  Jessica (D:3)
  Terence (D:3)
  5 adders
  3 ribbon worms
  3 orcs (D:4)
  6 endoplasms
  3 giant cockroaches
  6 goblins
  5 hobgoblins
  2 jackals (D:2)
  6 ball pythons
  2 bats
  6 frilled lizards
  7 kobolds
  6 rats
70 creatures vanquished.

Notes
Turn   | Place    | Note
-------+----------+-------------------------------------------
     0 | D:1      | Gadfly the Demonspawn Monk began the quest for the Orb.
     0 | D:1      | Reached XP level 1. HP: 18/18 MP: 1/1
   211 | D:1      | Gained mutation: Your demonic aura sometimes causes spilled
                  | blood to erupt in flames. [demonic ancestry]
   211 | D:1      | Reached XP level 2. HP: 24/24 MP: 2/2
   211 | D:1      | Found a faded altar of an unknown god.
   211 | D:1      | Noticed a glass eye
   213 | D:1      | Noticed a shining eye
   214 | D:1      | Noticed an eye of devastation
   214 | D:1      | Noticed a glass eye
   608 | D:1      | Reached skill level 1 in Evocations
   814 | D:2      | Reached skill level 1 in Shapeshifting
   983 | D:2      | Gained mutation: You are partially covered in large bone
                  | plates. (SH +4) [demonic ancestry]
   983 | D:2      | Reached XP level 3. HP: 27/29 MP: 3/3
  1391 | D:3      | Noticed Jessica
  1397 | D:3      | Killed Jessica
  1398 | D:3      | Reached skill level 3 in Unarmed Combat
  1398 | D:3      | Gained mutation: You sometimes gain a little power by
                  | taking damage. [demonic ancestry]
  1398 | D:3      | Reached XP level 4. HP: 29/35 MP: 4/4
  1679 | D:3      | You fall into a shaft and drop 3 floors!
  1800 | D:6      | Found an ornate altar of the Wu Jian Council.
  1800 | D:6      | Found an ancient bone altar of Kikubaaqudgha.
  1804 | D:6      | Became a worshipper of the Wu Jian Council
  1804 | D:6      | Reached * piety under Wu Jian
  1804 | D:6      | Reached ** piety under Wu Jian
  1838 | D:6      | Noticed Prince Ribbit
  1865 | D:6      | Killed Prince Ribbit
  1866 | D:6      | Reached XP level 5. HP: 36/41 MP: 5/5
  1866 | D:6      | Gained mutation: You are mostly covered in large bone
                  | plates. (SH +6) [demonic ancestry]
  1866 | D:6      | Reached XP level 6. HP: 42/47 MP: 6/6
  1869 | D:6      | Found a staircase to the Ecumenical Temple.
  1911 | D:5      | Entered Level 5 of the Dungeon
  2002 | D:3      | Noticed Terence
  2013 | D:3      | Killed Terence
  2120 | D:3      | Found Zamuireu's Antique Weapon Boutique.
  2685 | D:4      | Noticed a wyvern
  2694 | D:4      | Killed a wyvern
  2695 | D:4      | Reached skill level 4 in Unarmed Combat
  2695 | D:4      | Reached XP level 7. HP: 22/52 MP: 7/7
  3162 | D:4      | Found a hide-covered altar of Uskayaw.
  3207 | D:4      | Mangled by an ogre

Illustrated notes

Levels and vault maps discovered:
D:1:      psy_arrival_heroes, layout_basic,
          hellmonk_ecumenical_altar_watching_god
D:2:      layout_basic, minmay_heptomino_d4
D:3:      layout_loops_corners, serial_shops, shop, uniq_terence, uniq_jessica
D:4:      layout_loops_ring, eat_drink_and_be_merry_uskayaw,
          grunt_decor_resistance, skrybe_limestone_x
D:5:      layout_loops_ring, gammafunk_ghost_mausoleum, hangedman_decor_growths,
          amcnicky_mini_pool_medium, uniq_sigmund
D:6:      layout_cave_pools, mainiacjoe_overflow_alcove_1,
          mainiacjoe_overflow_brackets, gammafunk_temple_overflow_wave,
          minmay_temple_entry_enclosed_plants, serial_glass, glass_columns_a,
          glass_columns_a, uniq_prince_ribbit1

Skill      XL: |  1  2  3  4  5  6 |
---------------+-------------------+-----
Evocations     | 1 2 3 |  3.9
Shapeshifting  | 1 2 3 |  3.6
Dodging        | 3 |  3.9
Unarmed Combat | 3 4 |  4.3
Fighting       | |  3.6

Action                     |  1- 3 |  4- 6 |  7- 9 || total
---------------------------+-------+-------+-------++-------
  Melee: Unarmed           |   105 |       |       ||   105
         Short sword       |    18 |    97 |    44 ||   159
Ability: Whirlwind         |       |     2 |       ||     2
         Lunge             |       |     5 |     2 ||     7
    Use: Scroll            |     1 |     1 |       ||     2
         Potion            |     1 |     1 |       ||     2
 Armour: Robe              |    60 |    46 |    20 ||   126
  Dodge: Dodged            |    67 |    60 |    37 ||   164
